 Dungeon Crawl Stone Soup version 0.28.0-47-ge53b351184 (webtiles) character file.

Game seed: 4938716527100539246

1515 Zeld the Chopper (level 8, -8/74 HPs)
             Began as a Minotaur Berserker on Apr 25, 2022.
             Was a Priest of Trog.
             Mangled by an orc warrior
             ... wielding a +0 war axe
              (18 damage)
             ... on level 6 of the Dungeon.
             The game lasted 00:06:38 (8044 turns).

Zeld the Chopper (Minotaur Berserker)               Turns: 8044, Time: 00:06:38

Health: -8/74      AC:  3    Str: 23    XL:     8   Next: 53%
Magic:  7/7        EV: 13    Int:  4    God:    Trog [***...]
Gold:   272        SH:  0    Dex: 11    Spells: 7/7 levels left

rFire   . . .      SeeInvis .   a - +0 hand axe
rCold   . . .      Faith    .   (no shield)
rNeg    . . .      Spirit   .   b - +0 animal skin
rPois   .          Reflect  .   (helmet restricted)
rElec   .          Harm     .   (no cloak)
rCorr   .          Rampage  .   (no gloves)
Will    ++...                   p - +0 pair of boots
Stlth   ++........              (no amulet)
HPRegen 1.22/turn               (no ring)
MPRegen 0.10/turn               (no ring)

@: strong-willed, regenerating
A: horns 2, retaliatory headbutt
a: Renounce Religion, Berserk, Trog's Hand


You were on level 6 of the Dungeon.
You worshipped Trog.
Trog was most pleased with you.
You visited 2 branches of the dungeon, and saw 7 of its levels.
You also visited: Sewer.

You collected 272 gold pieces.

Inventory:

Hand Weapons
 a - a +0 hand axe (weapon)
Armour
 b - a +0 animal skin (worn)
 p - a +0 pair of boots (worn)
Jewellery
 v - an amulet of magic regeneration
Wands
 w - a wand of polymorph (10)
 x - a wand of paralysis (10)
Scrolls
 g - 4 scrolls of fear {unknown}
 h - a scroll of brand weapon {unknown}
 l - 2 scrolls of enchant weapon {unknown}
 m - a scroll of fog {unknown}
 o - 2 scrolls of enchant armour {unknown}
 q - a scroll of vulnerability {unknown}
 r - 5 scrolls of magic mapping {unknown}
 t - 2 scrolls of blinking {unknown}
 y - a scroll of noise {unknown}
 z - 2 scrolls of identify {unknown}
Potions
 c - 2 potions of curing {unknown}
 d - 2 potions of cancellation {unknown}
 e - 2 potions of invisibility {unknown}
 f - a potion of brilliance {unknown}
 i - 2 potions of might {unknown}
 j - a potion of resistance {unknown}
 k - 2 potions of heal wounds {unknown}
 n - a potion of ambrosia {unknown}
 s - a potion of flight {unknown}
 u - 2 potions of mutation {unknown}


   Skills:
 * Level 7.7 Fighting
 * Level 7.8 Axes
 + Level 5.4 Armour
 + Level 4.8 Dodging
 + Level 3.3 Stealth


You had 7 spell levels left.
You didn't know any spells.
Your spell library was empty.

Dungeon Overview and Level Annotations

Branches:
Dungeon (6/15)             Temple (1/1) D:4           Sewer (visited)

Altars:
Ashenzari
Elyvilon
Kikubaaqudgha
Makhleb
Nemelex Xobeh
Ru
Trog
Xom

Shops:
D:1 :


Innate Abilities, Weirdness & Mutations

You have a pair of horns on your head.
You reflexively headbutt those who attack you in melee.


Message History

You hit the orc warrior but do no damage.
The orc wizard mumbles some strange words.
The orc wizard flickers and vanishes!
Deactivating autopickup; reactivate with Ctrl-A.
The orc priest miscasts a cantrip.
The orc hits you with a +0 hand axe.
You hit the orc.
The orc is severely wounded.
You hit the white imp but do no damage.
You hit the orc warrior but do no damage.
The orc warrior hits you with a +0 war axe!!
The white imp hits you but does no damage.
You slash the orc!
You kill the orc!
Trog accepts your kill.
You closely miss the white imp.
You hit the orc warrior but do no damage.
The white imp gestures at you. The puff of frost hits you.
You hit the orc warrior.
The orc warrior is lightly wounded.
You hit the white imp but do no damage. You closely miss something.
The orc warrior hits you with a +0 war axe!
The white imp shouts, "Crawl home, thou quaking fat-kidneyed walking sirloin!"
The white imp gestures at you. The puff of frost hits you!
The orc priest hits you with a +0 hand axe.
Something hits you.
The orc warrior hits you with a +0 war axe!
* * * LOW HITPOINT WARNING * * *
The white imp hits you.
* * * LOW HITPOINT WARNING * * *
The white imp freezes you.
* * * LOW HITPOINT WARNING * * *
Your skin crawls.
You feel strong-willed.
The orc priest calls upon Beogh to heal the orc warrior.
The orc warrior's wounds heal themselves!
The orc warrior hits you with a +0 war axe!!
You die...

....#.............##
.............##....#
..[........##......#
...........##....###
...........#.....#
........##.......#
.....# ###'###.# ..
#o..#### #)@5# #.o.#
#....# ##...# #....
##.[.. #.... #....


You could see an orc warrior, an orc priest and a white imp.

Vanquished Creatures
  3 ice beasts
  An ogre (D:4)
  A centaur (D:5)
  2 sky beasts (D:6)
  2 phantoms
  A wyvern zombie (D:6)
  2 scorpions
  A centaur zombie (D:5)
  A bullfrog skeleton (D:4)
  A hound (D:6)
  A jelly (D:5)
  4 iguanas
  An orc wizard (D:3)
  A hell rat (Sewer)
  A hound skeleton (D:4)
  3 gnolls (D:3)
  A howler monkey skeleton (D:5)
  11 adders
  3 river rats (Sewer)
  An ufetubus (D:5)
  3 adder skeletons
  A worm (D:4)
  2 dart slugs
  5 orcs
  3 endoplasms
  5 giant cockroaches
  9 goblins
  11 hobgoblins
  6 jackals
  2 quokkas (D:2)
  11 ball pythons
  3 bats (D:1)
  12 frilled lizards
  5 kobolds
  9 rats
129 creatures vanquished.

Vanquished Creatures (others)
  5 plants (D:3)
5 creatures vanquished.

Grand Total: 134 creatures vanquished

Notes
Turn   | Place    | Note
-------+----------+-------------------------------------------
     0 | D:1      | Zeld the Minotaur Berserker began the quest for the Orb.
     0 | D:1      | Reached XP level 1. HP: 19/19 MP: 0/0
   270 | D:1      | Reached XP level 2. HP: 24/27 MP: 1/1
   424 | D:1      | Found a faded altar of an unknown god.
   608 | D:1      | Found Othearch's Book Shoppe.
   638 | D:1      | Reached ** piety under Trog
   801 | D:1      | Reached XP level 3. HP: 33/33 MP: 2/2
  1832 | D:2      | Found a white marble altar of Elyvilon.
  2357 | D:3      | Reached XP level 4. HP: 40/41 MP: 3/3
  2379 | D:3      | Reached skill level 1 in Stealth
  2632 | D:3      | Found a glowing drain.
  2652 | D:3      | Reached XP level 5. HP: 8/47 MP: 4/4
  2677 | D:3      | Reached skill level 5 in Axes
  2684 | D:3      | HP: 2/47 [poisoned by an adder]
  2688 | Sewer    | Entered a sewer
  3081 | Sewer    | Reached skill level 5 in Fighting
  3532 | D:3      | Reached *** piety under Trog
  4069 | D:4      | Reached XP level 6. HP: 37/56 MP: 5/5
  4322 | D:4      | Found a staircase to the Ecumenical Temple.
  4354 | Temple   | Entered the Ecumenical Temple
  4820 | D:4      | Found a broken altar of Ashenzari.
  4929 | D:4      | Found a sacrificial altar of Ru.
  4930 | D:4      | Found an ancient bone altar of Kikubaaqudgha.
  4930 | D:4      | Found a sparkling altar of Nemelex Xobeh.
  5092 | D:4      | Reached XP level 7. HP: 43/63 MP: 6/6
  5442 | D:5      | Entered Level 5 of the Dungeon
  6279 | D:5      | Found a shimmering altar of Xom.
  6280 | D:5      | Found a shimmering altar of Xom.
  6282 | D:5      | Found a shimmering altar of Xom.
  6282 | D:5      | Found a shimmering altar of Xom.
  6283 | D:5      | Found a shimmering altar of Xom.
  6543 | D:5      | Reached XP level 8. HP: 65/71 MP: 7/7
  6824 | D:5      | Found a burning altar of Makhleb.
  7004 | D:5      | Reached skill level 5 in Armour
  7534 | D:6      | Found a bloodstained altar of Trog.
  8044 | D:6      | Mangled by an orc warrior

Illustrated notes

Levels and vault maps discovered:
D:1:      heliophobic_arrival_enchanted_forest, layout_basic, serial_shops,
          shop_fountains, hellmonk_ecumenical_altar_inner_sanctum
D:2:      layout_loops_cross, basic_altar, amcnicky_mini_pool_small
D:3:      layout_basic, gup_sewer_entry_glass, palyth_stone_intersect,
          minmay_misc_feat_x, minmay_lizard_king
D:4:      layout_basic, minitemple, amcnicky_altar_gilded,
          minmay_temple_entry_junction
D:5:      layout_basic, lightli_temple_of_fire, xom_redecorated,
          serial_bayou_pond_e, eino_curves_04, serial_park_tiny_pond,
          kennysheep_generic_room_7
D:6:      layout_cave_pools, mainiacjoe_overflow_small_starburst,
          lightli_corner_chamber
Temple:   minmay_temple_curvy_loop

Skill      XL: |  1  2  3  4  5  6  7  8 |
---------------+-------------------------+-----
Fighting       | 4 5 6 7 |  7.7
Axes           | 4 5 6 7 |  7.8
Armour         | 3 4 5 |  5.4
Stealth        | 1 2 3 |  3.3
Dodging        | 3 4 |  4.8

Action                   |  1- 3 |  4- 6 |  7- 9 || total
-------------------------+-------+-------+-------++-------
Melee: Hand axe          |    83 |   141 |   115 ||   339
       Headbutt          |     8 |    25 |    21 ||    54
       Punch             |     1 |     4 |     1 ||     6
Invok: Berserk           |       |     6 |     5 ||    11
       Trog's Hand       |       |     3 |     1 ||     4
 Stab: Sleeping          |       |     1 |     1 ||     2
Armor: Animal skin       |    15 |    17 |    23 ||    55
Dodge: Dodged            |    68 |    88 |    79 ||   235
